Map: Winter's Gate LE

Players

ButAlwayssss

  • Race: Protoss Protoss
  • League: Master
  • Spawn Location: 5:00

SKillous - Winner!

  • Race: Protoss Protoss
  • League: Master
  • Spawn Location: 11:00

Event: NationWars 2019

VOD

Have the link to the VOD?

Description

Time

  • Played on: Nov. 16, 2019, 10:10 a.m.
  • Length: 10:27

All games in this series

Show
View Real Time Build Order
Export as new Build Order

ButAlwayssss Protoss 

Build Orders:  

Get SALT Encoding   

  12  0:01  Probe  
  13  0:13  Probe  
  14  0:17  Pylon  
  14  0:25  Probe (Chrono Boost)  
  15  0:37  Probe (Chrono Boost)  
  15  0:38  Gateway  
  16  0:45  Probe (Chrono Boost)  
  16  0:47  Assimilator  
  17  0:51  Probe  
  17  0:55  Assimilator  
  18  1:03  Probe (Chrono Boost)  
  19  1:09  Gateway  
  19  1:13  Probe (Chrono Boost)  
  19  1:18  Probe (Chrono Boost)  
  21  1:26  Cybernetics Core  
  21  1:30  Probe  
  22  1:36  Pylon  
  22  1:42  Probe  
  23  1:57  Probe  
  24  2:02  Stalker, Warp Gate  
  24  2:03  Sentry  
  24  2:05  Pylon  
  28  2:37  Sentry, Robotics Facility  
  28  2:42  Nexus  
  30  2:50  Stalker  
  32  2:52  Probe  
  32  3:00  Pylon  
  32  3:11  Shield Battery  
  32  3:23  Immortal (Chrono Boost)  
  38  3:31  Pylon  
  34  3:46  Gateway  
  34  3:52  Stalker, Sentry  
  34  3:53  Warp Prism (Chrono Boost)  
  40  4:15  Stalker x2  
  43  4:22  Probe x2  
  43  4:34  Probe x2  
  45  4:41  Adept x3  
  51  4:51  Pylon  
  51  4:55  Pylon  
  48  5:09  Stalker x2  
  48  5:10  Sentry  
  52  5:35  Stalker x3  
  30  5:59  Stalker x3  
  35  6:05  Probe (Chrono Boost)  
  35  6:07  Probe (Chrono Boost)  
  35  6:18  Probe (Chrono Boost)  
  37  6:19  Probe (Chrono Boost)  
  37  6:20  Observer  
  37  6:25  Probe (Chrono Boost)  
  39  6:26  Probe (Chrono Boost)  
  39  6:32  Probe (Chrono Boost)  
  40  6:34  Probe (Chrono Boost)  
  40  6:38  Twilight Council  
  42  6:44  Probe (Chrono Boost)  
  42  6:46  Probe (Chrono Boost)  
  44  6:51  Probe (Chrono Boost)  
  44  6:52  Probe (Chrono Boost)  
  44  6:58  Probe  
  44  7:00  Probe (Chrono Boost)  
  46  7:04  Forge  
  46  7:11  Stalker  
  46  7:12  Probe (Chrono Boost)  
  46  7:14  Charge  
  50  7:16  Probe (Chrono Boost)  
  50  7:18  Pylon  
  50  7:22  Probe (Chrono Boost)  
  50  7:23  Probe (Chrono Boost)  
  50  7:26  Assimilator  
  50  7:28  Assimilator  
  51  7:32  Probe  
  51  7:33  Templar Archives  
  51  7:34  Probe  
  53  7:42  Protoss Ground Weapons Level 1 (Chrono Boost)  
  53  7:44  Probe  
  53  7:46  Probe  
  55  7:52  Observer  
  55  7:56  Probe  
  55  7:58  Gateway x2  
  54  8:06  Probe  
  54  8:08  Gateway  
  54  8:12  Gateway  
  55  8:15  Observer  
  55  8:17  High Templar, Zealot  
  55  8:19  Zealot  
  61  8:27  Pylon  
  61  8:31  Observer  
  59  8:40  High Templar  
  61  8:46  Archon  
  61  8:49  Nexus  
  61  8:51  Warp Prism (Chrono Boost)  
  61  8:59  High Templar x2  
  65  9:04  Archon  
  65  9:05  Probe x2  
  65  9:09  Pylon  
  67  9:13  Zealot  
  67  9:17  Probe  
  70  9:19  Probe  
  71  9:25  High Templar x2  
  71  9:30  Archon  
  76  9:34  Zealot x2  
  76  9:35  Zealot  
  81  9:47  Pylon  
  78  10:00  Zealot x4  
  78  10:05  High Templar x2  
  89  10:10  Archon  
Show
View Real Time Build Order
Export as new Build Order

SKillous Protoss - Winner!

Build Orders: Oracle Opening 

Get SALT Encoding   

  12  0:01  Probe  
  13  0:13  Probe  
  14  0:17  Pylon  
  14  0:25  Probe (Chrono Boost)  
  15  0:37  Probe (Chrono Boost), Gateway  
  16  0:45  Probe (Chrono Boost)  
  16  0:47  Assimilator  
  17  0:51  Probe  
  17  0:54  Assimilator  
  18  1:03  Probe (Chrono Boost)  
  19  1:07  Gateway  
  19  1:13  Probe (Chrono Boost)  
  19  1:18  Probe (Chrono Boost)  
  20  1:24  Cybernetics Core  
  21  1:30  Probe  
  22  1:34  Pylon  
  22  1:42  Probe  
  23  1:54  Probe  
  23  1:58  Warp Gate (Chrono Boost)  
  23  2:01  Adept x2  
  28  2:11  Pylon  
  28  2:22  Pylon  
  28  2:31  Stalker x2  
  28  2:35  Stargate  
  32  2:56  Nexus  
  32  3:00  Probe  
  33  3:12  Probe  
  34  3:16  Oracle (Chrono Boost)  
  37  3:21  Pylon  
  37  3:24  Probe  
  38  3:32  Robotics Facility  
  38  3:37  Probe  
  39  3:43  Shield Battery  
  39  3:49  Probe  
  39  3:54  Oracle  
  43  4:07  Probe x2  
  45  4:19  Immortal (Chrono Boost)  
  45  4:23  Probe  
  47  4:26  Sentry  
  47  4:27  Shield Battery  
  47  4:28  Probe, Shield Battery  
  50  4:41  Stalker  
  52  4:49  Probe  
  52  4:50  Zealot  
  52  4:51  Pylon  
  55  4:54  Shield Battery  
  55  5:00  Phoenix (Chrono Boost)  
  57  5:09  Stalker  
  57  5:18  Stalker  
  50  5:33  Phoenix (Chrono Boost)  
  50  5:35  Probe (Chrono Boost)  
  49  5:39  Zealot  
  49  5:40  Probe (Chrono Boost)  
  45  5:44  Probe (Chrono Boost)  
  45  5:48  Probe (Chrono Boost)  
  45  5:49  Probe (Chrono Boost)  
  42  5:58  Phoenix  
  42  5:59  Probe  
  42  6:01  Probe  
  46  6:09  Immortal (Chrono Boost)  
  46  6:11  Probe  
  49  6:13  Probe  
  48  6:20  Stalker  
  52  6:25  Probe (Chrono Boost)  
  52  6:26  Probe (Chrono Boost)  
  52  6:34  Phoenix  
  52  6:37  Probe (Chrono Boost)  
  52  6:39  Probe (Chrono Boost)  
  56  6:41  Pylon  
  56  6:42  Probe (Chrono Boost)  
  57  6:47  Probe  
  57  6:52  Probe  
  59  6:56  Immortal (Chrono Boost)  
  59  6:58  Assimilator  
  59  6:59  Probe  
  64  7:04  Probe, Assimilator  
  65  7:11  Phoenix, Probe  
  65  7:15  Pylon  
  68  7:16  Probe  
  69  7:23  Probe  
  69  7:28  Pylon, Probe  
  71  7:35  Observer (Chrono Boost)  
  72  7:37  Gateway  
  72  7:38  Gateway  
  72  7:39  Gateway  
  72  7:40  Gateway  
  72  7:46  Sentry x2  
  72  7:49  Forge  
  76  7:59  Immortal (Chrono Boost)  
  76  8:05  Twilight Council  
  80  8:16  Gateway  
  80  8:17  Protoss Ground Weapons Level 1 (Chrono Boost), Gateway  
  80  8:21  Pylon  
  80  8:35  Immortal (Chrono Boost)  
  80  8:37  Pylon  
  80  8:38  Charge (Chrono Boost)  
  84  8:54  Templar Archives  
  84  8:58  Zealot x4  
  92  9:06  Warp Prism  
  94  9:29  Nexus  
  94  9:37  High Templar  
  94  9:38  High Templar, Zealot  
  98  9:39  Zealot x2  
  98  9:45  Shield Battery  
  104  9:46  Shield Battery  
  104  9:53  Archon  
  104  9:58  Zealot x2  
  108  10:02  Pylon  
  108  10:06  Pylon  
  108  10:09  Zealot  
  104  10:16  Zealot x2  
Tags
 
Add a new tag
Caveats
  • Supply blocks, unpowered buildings, or Contaminate may cause inaccurate times.
  • Supply counts are checked every 10 seconds.